Map: Void Launch

Players

BoomBoom

  • Race: Protoss Protoss
  • League: Platinum
  • Spawn Location: 6:00

NamroodTuo

  • Race: Zerg Zerg

VOD

Have the link to the VOD?

Description

Time

  • Played on: March 9, 2023, 2:45 a.m.
  • Length: 25:44
Show
View Real Time Build Order
Export as new Build Order

BoomBoom Protoss 

Build Orders:  

Get SALT Encoding   

  12  0:03  Probe (Chrono Boost)  
  13  0:17  Probe (Chrono Boost)  
  14  0:31  Pylon  
  14  0:38  Probe (Chrono Boost)  
  15  0:51  Assimilator  
  15  0:56  Probe (Chrono Boost)  
  15  0:58  Assimilator  
  16  1:10  Probe (Chrono Boost)  
  17  1:24  Probe (Chrono Boost)  
  17  1:28  Gateway  
  18  1:37  Probe (Chrono Boost)  
  19  1:51  Probe (Chrono Boost)  
  19  1:57  Gateway  
  20  2:05  Probe (Chrono Boost)  
  21  2:19  Probe (Chrono Boost)  
  21  2:27  Pylon  
  22  2:42  Cybernetics Core  
  22  2:43  Probe (Chrono Boost)  
  23  2:57  Probe (Chrono Boost)  
  23  2:59  Zealot  
  26  3:07  Zealot  
  28  3:11  Probe (Chrono Boost)  
  29  3:23  Zealot  
  31  3:49  Pylon x2  
  31  3:51  Pylon  
  31  4:03  Twilight Council  
  31  4:13  Probe (Chrono Boost)  
  31  4:19  Zealot x2  
  36  4:24  Zealot  
  36  4:27  Probe (Chrono Boost)  
  39  4:59  Nexus  
  39  5:14  Assimilator  
  39  5:17  Assimilator  
  39  5:22  Probe (Chrono Boost)  
  39  5:24  Pylon  
  40  5:46  Probe (Chrono Boost)  
  41  6:00  Probe (Chrono Boost)  
  42  6:12  Pylon  
  42  6:14  Probe (Chrono Boost)  
  43  6:27  Probe (Chrono Boost)  
  44  6:39  Probe (Chrono Boost)  
  44  6:41  Probe (Chrono Boost)  
  44  6:47  Dragoon  
  44  6:48  Dragoon x2  
  52  6:53  Probe (Chrono Boost)  
  52  6:55  Probe (Chrono Boost)  
  54  7:07  Probe (Chrono Boost)  
  54  7:08  Dragoon  
  54  7:09  Probe (Chrono Boost), Dragoon  
  59  7:11  Dragoon  
  62  7:21  Probe (Chrono Boost)  
  62  7:23  Probe (Chrono Boost)  
  64  7:32  Pylon  
  64  7:35  Probe (Chrono Boost)  
  64  7:37  Probe (Chrono Boost)  
  66  7:48  Zealot x2  
  68  8:03  Dragoon  
  68  8:17  Zealot  
  66  8:20  Charge  
  62  8:41  Probe (Chrono Boost)  
  62  8:43  Probe (Chrono Boost)  
  64  8:55  Probe (Chrono Boost)  
  66  9:00  Probe (Chrono Boost)  
  66  9:09  Singularity Charge  
  66  9:17  Gateway  
  66  9:19  Zealot, Gateway  
  68  9:20  Zealot x3  
  74  9:49  Dragoon x2  
  78  9:53  Trillic Compresion Mesh  
  78  9:57  Probe (Chrono Boost)  
  78  9:59  Probe (Chrono Boost)  
  80  10:09  Dragoon  
  82  10:10  Dragoon  
  82  10:11  Probe (Chrono Boost)  
  82  10:16  Probe (Chrono Boost)  
  86  10:24  Probe (Chrono Boost)  
  87  10:31  Zealot x2  
  87  10:32  Zealot  
  93  10:46  Dragoon  
  89  10:57  Dragoon  
  89  10:58  Dragoon  
  93  11:06  Whirlwind  
  93  11:14  Dragoon  
  83  11:49  Pylon  
  75  11:52  Pylon  
  75  11:53  Pylon  
  75  11:54  Pylon  
  75  11:58  Pylon  
  73  12:00  Gateway  
  73  12:01  Pylon  
  73  12:02  Gateway  
  73  12:05  Gateway  
  73  12:08  Gateway  
  73  12:10  Gateway  
  73  12:14  Forge  
  73  12:20  Forge  
  73  12:35  Dragoon  
  73  12:36  Dragoon x4  
  73  12:37  Dragoon x4  
  73  12:38  Dragoon x2  
  95  13:16  Protoss Ground Armor Level 1, Protoss Ground Weapons Level 1  
  95  13:36  Dragoon  
  95  13:37  Dragoon x3  
  95  13:38  Dragoon x4  
  95  13:39  Dragoon x2  
  115  14:31  Dragoon x3  
  115  14:32  Dragoon x4  
  115  14:33  Dragoon x2  
  133  15:18  Pylon  
  133  15:19  Pylon  
  131  15:28  Pylon  
  125  15:36  Pylon  
  125  15:37  Pylon  
  125  16:02  Protoss Ground Weapons Level 2, Protoss Ground Armor Level 2  
  125  16:29  Dragoon x3  
  131  16:30  Dragoon x3  
  131  16:31  Dragoon x3  
  131  16:32  Dragoon x3  
  131  16:33  Dragoon x3  
  155  17:54  Dragoon x3  
  155  17:55  Dragoon x2  
  155  17:56  Dragoon x3  
  155  17:57  Dragoon x2  
  155  17:58  Dragoon x3  
  181  18:15  Pylon  
  181  18:16  Pylon  
  181  18:18  Pylon  
  181  18:20  Pylon  
  181  20:10  Protoss Ground Armor Level 3, Protoss Ground Weapons Level 3  
  181  22:43  Zealot x4  
  181  22:44  Zealot x4  
  181  22:45  Zealot  
  187  24:57  Dragoon x4  
  187  24:58  Dragoon x4  
  195  25:21  Dragoon x2  
Show
View Real Time Build Order
Export as new Build Order

NamroodTuo Zerg 

Build Orders:  

Get SALT Encoding   

  12  0:03  Infested SCV  
  13  0:21  Infested SCV  
  13  0:25  Overlord  
  14  0:33  Infested SCV  
  15  0:45  Overlord  
  15  0:51  Infested SCV  
  16  1:06  Infested SCV  
  17  1:23  Infested Barracks  
  17  1:26  Infested SCV  
  18  1:39  Infested Refinery  
  18  1:43  Infested Refinery  
  18  1:44  Infested SCV  
  19  1:54  Infested SCV  
  20  2:21  Infested SCV  
  21  2:40  Overlord  
  21  2:42  Infested SCV  
  21  2:49  Infested Factory  
  22  2:58  Infested SCV  
  23  3:15  Infested SCV  
  24  3:23  Infested Engineering Bay  
  24  3:24  Infested Marine  
  24  3:25  Infested Marine x9  
  24  3:26  Infested Marine x3  
  37  3:47  Infested Barracks Tech Lab  
  37  3:56  Infested Armory, Infested SCV x2  
  39  4:02  Overlord  
  39  4:14  Regenerative Plating  
  39  4:24  Overlord  
  39  4:42  Infested SCV  
  40  4:57  Infested SCV  
  32  5:12  Infested Bunker  
  32  5:16  Infested Marine  
  32  5:17  Infested Marine x13  
  44  5:40  Unknown  
  44  5:42  Retinal Augmentation  
  44  5:48  Overlord  
  44  5:49  Infested SCV x2  
  46  6:12  Infested Factory Tech Lab  
  46  6:18  Stukov Vehicle and Ship Weapons Level 1  
  46  6:29  Infested SCV  
  47  6:39  Infested Command Center  
  47  6:46  Infested Marine  
  47  6:47  Infested Marine x9  
  45  7:03  Infested Barracks  
  45  7:24  Infested Marine  
  45  7:25  Infested Marine x10  
  45  7:26  Infested Marine x7  
  63  7:34  Calcified Armor  
  63  8:26  Infested SCV  
  63  8:27  Overlord x2  
  63  8:28  Overlord x2  
  54  8:33  Infested SCV  
  54  8:34  Infested SCV x2  
  57  8:45  Infested Refinery  
  57  8:48  Infested SCV  
  40  9:34  Infested Marine  
  40  9:35  Infested Marine x7  
  40  9:36  Infested Marine x9  
  57  9:48  Infested SCV  
  58  9:58  Infested Bunker  
  62  10:06  Infested SCV  
  62  10:07  Infested SCV x4  
  67  10:16  Plagued Munitions  
  67  10:20  Stukov Vehicle and Ship Armor Level 1  
  67  10:22  Stukov Infantry Weapons Level 1  
  67  10:57  Infested Marine x6  
  67  10:58  Infested Marine x20  
  67  10:59  Infested Marine x13  
  89  11:49  Infested Barracks  
  86  11:55  Infested Barracks  
  84  12:06  Infested SCV x4  
  84  12:07  Infested SCV  
  89  12:13  Overlord x4  
  89  12:14  Overlord  
  89  12:26  Infested Refinery  
  89  12:28  Infested SCV  
  89  12:29  Stukov Vehicle and Ship Weapons Level 2  
  90  12:36  Stukov Infantry Armor Level 1  
  56  12:47  Infested Marine x2  
  56  12:48  Infested Marine x8  
  66  13:02  Infested SCV x3  
  69  13:22  Infested Barracks  
  69  13:25  Infested Barracks  
  69  13:38  Infested Barracks  
  69  13:48  Overlord x3  
  69  13:49  Overlord x3  
  69  13:50  Overlord  
  69  13:51  Overlord  
  69  13:56  Infested Marine x7  
  69  13:57  Infested Marine x21  
  69  13:58  Infested Marine x21  
  69  13:59  Infested Marine x3  
  105  15:05  Infested Bunker  
  113  15:11  Infested Bunker  
  113  15:18  Overlord x2, Infested Bunker  
  113  15:19  Overlord x2  
  117  15:22  Stukov Infantry Armor Level 2  
  117  15:25  Stukov Vehicle and Ship Armor Level 2  
  117  15:29  Infested Marine x4  
  121  15:30  Infested Marine x3  
  121  15:34  Infested SCV x5  
  87  15:50  Infested Bunker  
  87  15:52  Infested SCV  
  88  16:12  Infested Marine  
  88  16:13  Infested Marine x11  
  88  16:18  Aggressive Incubation  
  100  16:35  Infested Marine  
  100  16:36  Infested Marine x20  
  100  16:37  Infested Marine x16  
  137  16:45  Infested Marine x5  
  137  16:46  Infested Marine x14  
  137  16:47  Infested Marine  
  116  17:26  Infested Marine x3  
  116  17:27  Infested Marine x22  
  116  17:28  Infested Marine x21  
  116  17:29  Infested Marine x17  
  163  17:33  Infested Marine  
  163  17:34  Infested Marine x6  
  163  17:35  Infested Marine x2  
  170  17:58  Stukov Infantry Weapons Level 2, Infested Bunker  
  174  18:08  Infested Missile Turret  
  174  18:18  Infested Missile Turret  
  157  18:34  Infested Bunker  
  157  18:35  Infested Missile Turret  
  157  18:39  Infested Marine  
  162  18:40  Infested Marine x9  
  162  18:41  Infested Marine x2  
  162  18:44  Infested Missile Turret  
  173  18:59  Infested Marine x7  
  180  19:00  Infested Marine x8  
  180  19:01  Infested Marine x2  
  180  19:02  Infested Marine, Infested Missile Turret  
  180  19:03  Infested Marine  
  120  19:41  Stukov Vehicle and Ship Armor Level 3  
  120  19:48  Infested Bunker  
  124  20:06  Infested Marine  
  124  20:07  Infested Marine x14  
  143  20:12  Infested Bunker  
  131  20:27  Stukov Infantry Armor Level 3  
  131  20:34  Infested Factory  
  131  20:35  Infested Diamondback  
  131  20:36  Infested Diamondback  
  118  20:43  Infested Diamondback  
  125  21:10  Infested Bunker  
  125  21:30  Overseer x2  
  125  21:31  Overseer x3  
  125  21:41  Infested Marine x8  
  125  21:42  Infested Marine x9  
  125  21:44  Infested Marine x5  
  125  21:45  Infested Marine x18  
  132  22:29  Infested Marine  
  110  22:30  Infested Marine x8  
  110  22:31  Infested Marine x21  
  110  22:32  Infested Marine x4  
  133  23:08  Infested Marine  
  133  23:09  Infested Marine x18  
  151  23:10  Infested Marine x14  
  151  23:19  Infested Diamondback  
  168  23:20  Infested Diamondback x7  
  189  23:31  Saturated Cultures  
  155  24:14  Infested Marine  
  155  24:15  Infested Marine x14  
  155  24:16  Infested Marine x20  
  155  24:17  Infested Marine x11  
  155  24:18  Infested Marine  
  155  24:19  Infested Marine x2  
  172  24:45  Infested Marine  
  172  24:46  Infested Marine x10  
  172  24:47  Infested Marine x17  
  166  25:14  Infested Marine  
  166  25:15  Infested Marine x11  
  166  25:16  Infested Marine x20  
  166  25:17  Infested Marine x5  
Tags
 
Commander
ArtanisStukov
League
Platinum
Matchup
Co-op
Replay Pack
Multiplayer
Add a new tag
Caveats
  • Supply blocks, unpowered buildings, or Contaminate may cause inaccurate times.
  • Supply counts are checked every 10 seconds.